 Dungeon Crawl Stone Soup version 0.19.5 (webtiles) character file.

495 IcyNumb the Poker (level 6, -1/51 HPs)
             Began as a Centaur Warper on May 18, 2017.
             Slain by an iguana (5 damage)
             ... on level 4 of the Dungeon on May 19, 2017.
             The game lasted 00:51:04 (6793 turns).

IcyNumb the Poker (Centaur Warper)                  Turns: 6793, Time: 00:51:06

Health: -1/51      AC: 10    Str: 17    XL:     6   Next: 92%
Magic:  9/9        EV:  8    Int: 12    God:
Gold:   204        SH:  0    Dex: 10    Spells: 2 memorised, 4 levels left

rFire  . . .     SeeInvis .     g - +0 halberd
rCold  . . .     Gourm    .     j - +0 scale mail
rNeg   . . .     Faith    .     (shield currently unavailable)
rPois  .         Spirit   .     (no helmet)
rElec  .         Reflect  .     p - +0 cloak
rCorr  .         Harm     .     (no gloves)
MR     .....                    (no barding)
Stlth  ..........               (no amulet)
                                A - +3 ring of protection
                                y - +3 ring of strength

@: fainting, very quick
A: hooves 3, deformed body, speed 2, tough skin 3
a: no special abilities


You were on level 4 of the Dungeon.
You were fainting.

You visited 1 branch of the dungeon, and saw 4 of its levels.

You collected 204 gold pieces.

Inventory:

Hand Weapons
 g - a +0 halberd (weapon)
 s - a cursed -3 mace
Missiles
 e - 5 tomahawks of dispersal (quivered)
Armour
 j - a +0 scale mail (worn)
 p - a +0 cloak (worn)
Jewellery
 y - a +3 ring of strength (left hand)
 A - a +3 ring of protection (right hand)
Wands
 q - a wand of flame (13/48)
Scrolls
 d - a scroll of blinking
 h - 2 scrolls of fear {unknown}
 l - 2 scrolls of enchant armour {unknown}
 m - 3 scrolls of enchant weapon {unknown}
 n - a scroll of amnesia {unknown}
 r - 3 scrolls of identify {unknown}
 w - a scroll of noise {unknown}
Potions
 b - a potion of brilliance {unknown}
 i - a potion of curing {unknown}
 o - a potion of heal wounds {unknown}
 t - a potion of haste {unknown}
 u - a potion of cure mutation {unknown}
Books
 c - a book of Spatial Translocations

   Spells                             Type                      Level
   a - Blink                          Translocation                2
   b - Shroud of Golubria             Charms/Translocation         2
   c - Lesser Beckoning               Translocation                3
   d - Portal Projectile              Translocation                3
   e - Teleport Other                 Translocation                3
   f - Passage of Golubria            Translocation                4


   Skills:
 + Level 3.3 Fighting
 + Level 4.5 Polearms
 + Level 1.1 Throwing
 + Level 2.8 Armour
 + Level 2.1 Dodging
 + Level 0.1 Stealth
 + Level 2.0 Spellcasting
 + Level 2.9 Translocations


You had 4 spell levels left.
You knew the following spells:

 Your Spells              Type           Power        Failure   Level  Hunger
a - Blink                 Tloc           N/A          50%         2    ###....
b - Portal Projectile     Tloc           #.....       87%         3    ####...


Dungeon Overview and Level Annotations

Branches:
Dungeon (4/15)
 Temple: D:4-7

Altars:
Gozag
Nemelex Xobeh
Ru


Innate Abilities, Weirdness & Mutations

You have hooves in place of feet.
Armour fits poorly on your strangely shaped body.
You cover ground very quickly.
You have extremely tough skin. (AC +3)


Message History

* * * LOW HITPOINT WARNING * * *
The hungry ghost hits you.
You feel slightly more hungry.
An adder comes into view.
The adder hisses angrily.
You hit the iguana.
The iguana is lightly wounded.
The iguana barely misses you. The hungry ghost hits you.
* * * LOW HITPOINT WARNING * * *
You feel slightly more hungry. The iguana bites you.
* * * LOW HITPOINT WARNING * * *
Unknown command.
Unknown command.
You closely miss the hungry ghost. Your kick misses the hungry ghost.
The hungry ghost is almost destroyed.
The adder bites you.
* * * LOW HITPOINT WARNING * * *
The hungry ghost hits you.
* * * LOW HITPOINT WARNING * * *
You feel slightly more hungry. The iguana bites you.
You die...

.....(...............).>#...
........)..........###..#.#
################.#.....Z..#
## #......#.##.#...# .#
#.###..####.#...# .#
#.......#...# .#
#....[......# .########
#.W.....##..# ........#
#.###.@.###.##....#
...####.# #.....lS#
......### ##.# #รท#
#####..########## ...# #.##
#.......# #### #..#
##.####.# ##.# #.# #.# #.##
#.# #.######### #..# #.#
#.......... ##.# #.#
#..########


You could see a hungry ghost, an iguana and an adder.

Vanquished Creatures
  2 ogres (D:4)
  Terence (D:2)
  2 iguanas (D:4)
  An orc wizard (D:3)
  A worker ant (D:4)
  Robin (D:2)
  3 gnolls (D:2)
  8 adders
  3 oozes
  A worm (D:3)
  6 orcs
  A ball python (D:4)
  4 giant cockroaches
  14 goblins
  4 hobgoblins
  4 quokkas
  8 bats
  3 frilled lizards
  6 kobolds
  7 rats
80 creatures vanquished.

Notes
Turn   | Place    | Note
-------+----------+-------------------------------------------
     0 | D:1      | IcyNumb the Centaur Warper began the quest for the Orb.
     0 | D:1      | Reached XP level 1. HP: 17/17 MP: 3/3
   375 | D:1      | Reached skill level 2 in Polearms
   602 | D:1      | Reached XP level 2. HP: 24/24 MP: 4/4
   607 | D:1      | Learned a level 2 spell: Blink
   907 | D:2      | Found a faded altar of an unknown god.
  1161 | D:2      | Noticed Robin
  1179 | D:2      | Reached XP level 3. HP: 29/29 MP: 3/5
  1193 | D:2      | Killed Robin
  2107 | D:2      | Noticed Terence
  2107 | D:2      | Reached XP level 4. HP: 37/37 MP: 7/7
  2166 | D:2      | Killed Terence
  2166 | D:2      | Reached skill level 3 in Polearms
  2175 | D:2      | Reached skill level 1 in Armour
  3246 | D:3      | Reached XP level 5. HP: 29/42 MP: 8/8
  3255 | D:3      | Learned a level 3 spell: Portal Projectile
  4534 | D:3      | Found a sparkling altar of Nemelex Xobeh.
  4534 | D:3      | Found a sacrificial altar of Ru.
  4618 | D:3      | Found an opulent altar of Gozag.
  5023 | D:4      | Noticed an ogre
  5036 | D:4      | Killed an ogre
  5036 | D:4      | Reached skill level 4 in Polearms
  5036 | D:4      | Reached XP level 6. HP: 31/51 MP: 9/9
  6748 | D:4      | Noticed a hungry ghost
  6793 | D:4      | Slain by an iguana

Skill      XL: |  1  2  3  4  5 |
---------------+----------------+-----
Polearms       | 2 3 4 |  4.5
Spellcasting   | 2 |  2.0
Armour         | 1 2 |  2.8
Fighting       | 3 |  3.3
Dodging        | 2 |  2.1
Throwing       | |  1.1
Stealth        | |  0.1
Translocations | |  2.9

Action                   |  1- 3 |  4- 6 || total
-------------------------+-------+-------++-------
Melee: Spear             |   162 |    62 ||   224
       Kick              |    29 |    44 ||    73
       Halberd           |       |   257 ||   257
 Cast: Blink             |     3 |       ||     3
  Eat: Bread ration      |     1 |     1 ||     2
       Chunk             |       |    11 ||    11
       Fruit             |       |     3 ||     3
       Royal jelly       |       |     1 ||     1
Armor: Ring mail         |    16 |       ||    16
       Scale mail        |    47 |   143 ||   190
Dodge: Dodged            |    47 |   120 ||   167
